Map: Golden Wall LE

Players

LiquidClem (Clem) - Winner!

  • Race: Terran Terran
  • League: Master
  • Spawn Location: 7:00

Reynor

  • Race: Zerg Zerg
  • Spawn Location: 5:00

Event: DreamHack SC2 Masters 2020 Summer Europe

VOD

Have the link to the VOD?

Description

Time

  • Played on: July 12, 2020, 12:18 p.m.
  • Length: 30:27

All games in this series

Show
View Real Time Build Order
Export as new Build Order

LiquidClem Terran - Winner!

Build Orders: Hellion Opening, Liberator Opening, Reaper Expand 

Get SALT Encoding   

  12  0:00  SCV  
  13  0:12  SCV  
  14  0:17  Supply Depot  
  14  0:24  SCV  
  15  0:39  SCV  
  15  0:41  Barracks  
  16  0:43  Refinery  
  16  0:51  SCV  
  17  1:03  SCV  
  18  1:15  SCV  
  19  1:27  Orbital Command  
  19  1:28  Reaper  
  20  1:40  Command Center  
  20  1:48  Supply Depot  
  20  1:52  SCV  
  21  1:59  Marine  
  22  2:05  SCV  
  23  2:12  Factory  
  23  2:14  Refinery  
  23  2:17  SCV  
  23  2:20  Barracks Reactor  
  24  2:29  SCV  
  25  2:41  SCV  
  26  2:53  Orbital Command  
  26  2:54  SCV  
  26  2:57  Starport  
  27  3:02  Hellion x2  
  27  3:04  Barracks Tech Lab  
  31  3:07  SCV  
  32  3:19  SCV  
  33  3:20  SCV  
  33  3:23  Hellion x2  
  38  3:32  SCV  
  38  3:33  Viking  
  41  3:36  SCV, Supply Depot  
  42  3:44  SCV  
  42  3:45  Hellion  
  46  3:48  SCV  
  46  3:54  Supply Depot  
  46  3:57  SCV  
  46  3:58  Hellion  
  46  4:02  SCV  
  50  4:03  Liberator  
  50  4:06  Supply Depot  
  54  4:10  SCV  
  54  4:16  SCV, Hellion  
  57  4:19  Hellion  
  57  4:22  Stimpack  
  59  4:24  SCV  
  59  4:28  SCV  
  61  4:31  Command Center  
  61  4:36  SCV  
  62  4:39  Supply Depot  
  62  4:40  SCV  
  62  4:45  Marine  
  64  4:47  Starport Reactor  
  64  4:48  Barracks, Factory Tech Lab  
  64  4:50  Barracks  
  64  4:52  SCV  
  65  4:54  SCV  
  66  5:00  Supply Depot  
  66  5:04  SCV  
  66  5:06  Engineering Bay  
  66  5:07  Engineering Bay, Marine  
  67  5:09  SCV  
  67  5:13  Refinery  
  69  5:14  Refinery  
  69  5:19  Siege Tank  
  69  5:20  SCV  
  71  5:23  SCV  
  71  5:24  Marine  
  67  5:32  SCV  
  67  5:33  Terran Infantry Weapons Level 1, Terran Infantry Armor Level 1  
  65  5:35  SCV  
  65  5:43  Marine, Barracks  
  65  5:44  Starport Reactor, Barracks  
  65  5:46  Marine  
  65  5:49  Orbital Command  
  67  5:51  Marine  
  67  5:52  SCV  
  67  5:54  SCV  
  67  5:56  Marine  
  71  6:00  Marine  
  71  6:02  Marine  
  73  6:04  SCV  
  73  6:05  Combat Shield  
  73  6:06  SCV  
  73  6:10  Marine  
  73  6:11  Orbital Command, Siege Tank  
  76  6:13  Marine  
  76  6:16  SCV  
  76  6:18  SCV  
  82  6:22  Armory, Supply Depot  
  82  6:23  Marine  
  83  6:26  Marine  
  83  6:27  Marine  
  83  6:29  Medivac  
  83  6:31  Medivac  
  89  6:33  SCV  
  89  6:35  SCV  
  89  6:37  SCV, Marine x2  
  89  6:39  Barracks Reactor  
  94  6:42  Barracks Reactor  
  94  6:45  Supply Depot  
  94  6:46  SCV  
  95  6:47  SCV, Marine  
  95  6:48  Marine  
  95  6:49  Marine  
  95  6:53  Siege Tank  
  101  6:54  SCV  
  101  6:55  Marine  
  101  6:58  SCV  
  101  6:59  SCV  
  101  7:01  Marine  
  106  7:05  Marine  
  106  7:06  SCV  
  106  7:07  Marine x2  
  110  7:10  SCV  
  110  7:13  Marine  
  112  7:16  Command Center  
  112  7:18  Refinery  
  112  7:19  Marine  
  112  7:20  Factory, Marine x2  
  115  7:25  Supply Depot  
  115  7:27  Marine  
  115  7:28  Supply Depot, Marine  
  115  7:29  Marine  
  118  7:32  Terran Infantry Armor Level 2, Terran Infantry Weapons Level 2  
  118  7:35  Drilling Claws, Widow Mine  
  120  7:39  Marine x2  
  120  7:41  Marine  
  120  7:42  Marine  
  124  7:48  Marine  
  124  7:50  Marine  
  121  7:51  Marine  
  121  7:56  Siege Tank  
  121  7:58  Medivac, Marine x2  
  121  8:00  Marine x2  
  121  8:02  Medivac  
  127  8:06  Supply Depot  
  127  8:08  Supply Depot, Factory Reactor, Marine  
  127  8:09  Marine  
  127  8:12  Terran Vehicle And Ship Armor Level 1  
  126  8:13  Marine x2  
  126  8:15  Supply Depot, Marine  
  126  8:16  Marine  
  126  8:18  Supply Depot  
  130  8:24  SCV x3  
  133  8:27  Supply Depot  
  133  8:29  Marine  
  133  8:32  Widow Mine, Barracks x2  
  133  8:33  Marine, Barracks  
  137  8:36  SCV x2  
  137  8:40  Medivac x2, Marine x2  
  139  8:43  Marine  
  139  8:44  Marine  
  139  8:47  SCV  
  142  8:49  Widow Mine  
  142  8:51  Widow Mine  
  142  8:53  SCV, Marine  
  142  8:55  Marine x2  
  148  8:57  Planetary Fortress  
  148  9:00  Widow Mine  
  152  9:03  Marine  
  152  9:04  Marine x2  
  152  9:05  Marine  
  152  9:06  SCV  
  152  9:07  Marine  
  152  9:08  Marine  
  159  9:10  Widow Mine  
  159  9:13  Marine  
  159  9:14  Marine  
  159  9:15  Marine  
  159  9:17  Widow Mine  
  159  9:18  Marine  
  159  9:20  Hellion, Barracks Tech Lab x2  
  159  9:21  SCV  
  159  9:22  SCV, Marine x2  
  166  9:26  Marauder  
  168  9:33  Widow Mine  
  168  9:34  Command Center  
  170  9:43  Barracks Tech Lab, Siege Tank  
  170  9:44  SCV x3  
  170  9:45  SCV  
  161  9:48  Marauder, Marine x2  
  161  9:49  Marine x4  
  161  9:50  Marauder  
  160  9:53  Marine x2  
  160  9:54  Marauder  
  160  9:56  Widow Mine  
  160  9:59  SCV  
  165  10:01  SCV  
  165  10:05  SCV  
  165  10:06  Marauder, Marine  
  170  10:09  Marauder  
  170  10:11  Marauder  
  174  10:15  Marauder  
  174  10:16  Terran Infantry Weapons Level 3  
  174  10:23  Terran Infantry Armor Level 3  
  174  10:27  Medivac, Widow Mine  
  174  10:28  Marauder  
  180  10:29  Marine  
  180  10:30  Marauder, Marine  
  180  10:31  Marine  
  180  10:33  Marauder  
  180  10:34  Refinery  
  185  10:36  Marauder  
  185  10:37  Refinery  
  185  10:38  Marine  
  185  10:40  Widow Mine  
  185  10:42  Medivac  
  190  10:48  Marine x2  
  190  10:49  Marauder  
  187  10:52  Marauder  
  187  10:53  Siege Tank  
  187  10:54  Marauder  
  187  10:55  Marine x2  
  194  10:58  Marauder  
  194  11:02  Marine x2  
  197  11:06  Medivac  
  197  11:07  Marine  
  197  11:10  Command Center  
  198  11:19  Marauder, Marine  
  198  11:20  Marauder x3  
  198  11:21  Marine  
  198  11:23  Terran Vehicle And Ship Armor Level 2  
  197  11:27  Command Center  
  197  11:29  Widow Mine  
  196  11:33  Ghost Academy  
  196  11:34  Fusion Core, Starport  
  196  11:39  Medivac, Widow Mine  
  193  11:41  Marauder x2  
  193  11:42  Marauder  
  193  11:45  Marauder  
  191  11:54  Planetary Fortress  
  191  12:02  Medivac, Marauder x2, Command Center  
  191  12:03  Marauder  
  199  12:09  Enhanced Shockwaves  
  199  12:16  Starport Reactor  
  199  12:18  Ghost  
  194  12:23  Ghost, Marauder  
  196  12:34  Medivac  
  196  12:35  Ghost  
  195  12:41  Widow Mine x2  
  195  12:42  Marine x3  
  180  12:44  Ghost  
  180  12:45  Widow Mine  
  180  12:46  Marine  
  180  12:47  Marauder  
  180  12:50  Orbital Command  
  176  12:53  Command Center  
  176  12:55  Refinery x2  
  176  13:00  Missile Turret  
  176  13:02  Missile Turret, Marine  
  176  13:03  Marauder, Command Center, Widow Mine x2  
  176  13:05  Marauder  
  185  13:06  Medivac  
  185  13:09  Widow Mine  
  185  13:11  Ghost  
  191  13:12  Ghost  
  193  13:21  Orbital Command  
  193  13:22  Planetary Fortress  
  193  13:23  Ghost  
  191  13:27  Ghost  
  191  13:34  Refinery  
  190  13:36  Refinery  
  190  13:37  Marine x2  
  190  13:40  Ghost  
  194  13:44  Ghost  
  196  13:51  SCV, Command Center  
  196  13:52  SCV  
  197  14:00  Ghost  
  197  14:01  Ghost  
  197  14:02  Missile Turret  
  193  14:08  Ghost  
  193  14:09  Widow Mine x2  
  187  14:13  Ghost  
  170  14:18  Widow Mine  
  170  14:21  Marine x6  
  170  14:22  Marine x2  
  177  14:29  Ghost x2  
  173  14:36  Liberator  
  173  14:37  Ghost  
  178  14:39  Marine x2, Siege Tank  
  178  14:40  Orbital Command  
  178  14:41  Ghost  
  181  14:53  Liberator  
  181  14:57  Ghost  
  181  14:58  Ghost, Liberator  
  185  15:05  Ghost, Marine x2, Widow Mine  
  181  15:10  Medivac, Ghost  
  181  15:13  Widow Mine x2  
  187  15:15  Orbital Command  
  187  15:18  Medivac  
  187  15:26  Ghost  
  187  15:27  Marauder  
  191  15:34  Marauder  
  193  15:36  Liberator  
  193  15:39  Marauder, Starport  
  197  15:47  Liberator  
  197  15:49  Advanced Ballistics  
  200  16:03  Widow Mine  
  199  16:07  Ghost x2  
  199  16:08  Marine x3  
  199  16:09  Ghost, Marine x2  
  183  16:14  Liberator  
  183  16:15  Ghost  
  183  16:18  Widow Mine x2, Liberator  
  173  16:28  Medivac x2  
  173  16:30  Widow Mine  
  173  16:31  Marine  
  167  16:33  Marine x2  
  167  16:34  Marine  
  167  16:35  Ghost  
  167  16:36  Marauder  
  167  16:39  Marauder, Widow Mine  
  174  16:41  Planetary Fortress  
  174  16:42  Marine x2  
  174  16:43  Ghost  
  178  16:49  Refinery  
  178  16:50  Refinery  
  178  16:58  Marauder  
  178  17:00  Marauder  
  182  17:04  Ghost  
  182  17:05  Liberator x2  
  182  17:08  Marine x6, Rapid Reignition System  
  193  17:12  Ghost  
  198  17:18  Ghost  
  198  17:21  Marauder  
  195  17:41  Marauder  
  195  17:43  Liberator  
  196  17:47  Marauder  
  194  17:55  Ghost  
  194  17:56  Ghost, Marine x2  
  191  17:59  Liberator x2  
  191  18:01  Siege Tank  
  191  18:02  Widow Mine  
  199  18:24  Terran Vehicle And Ship Armor Level 3  
  199  18:28  Command Center  
  199  18:30  Command Center  
  199  18:33  Ghost x2  
  192  18:39  Neosteel Armor  
  192  18:40  Hi-Sec Auto Tracking  
  196  18:50  Ghost  
  197  18:57  Ghost  
  194  19:03  Marine  
  194  19:04  Marauder  
  194  19:05  Liberator x2  
  194  19:06  Marauder, Marine x2  
  194  19:07  Marine x2  
  152  19:17  Medivac  
  152  19:18  Ghost, Marine x2  
  152  19:19  Marine  
  152  19:22  Liberator x2  
  160  19:24  Ghost  
  160  19:25  Ghost  
  160  19:28  Marauder  
  160  19:30  Marine  
  171  19:31  Widow Mine x2, Marine  
  171  19:36  Marine x2  
  173  19:47  Ghost  
  173  19:48  Ghost  
  177  19:54  Marauder  
  177  19:55  Marauder  
  177  19:59  Marine x2  
  183  20:05  SCV  
  180  20:12  Widow Mine  
  180  20:15  Ghost x2, Marauder  
  180  20:17  Ghost  
  184  20:29  Marine x3, Widow Mine  
  184  20:32  Marine x2  
  165  20:36  Ghost  
  165  20:37  Medivac x2  
  165  20:38  Viking, Liberator  
  165  20:41  Marine x3  
  173  20:44  Ghost  
  173  20:45  Marauder  
  173  20:46  Marauder  
  173  20:47  Barracks x3  
  179  20:54  Command Center  
  168  21:01  Terran Ship Weapons Level 1  
  154  21:05  Marauder  
  154  21:06  Marauder  
  154  21:07  Orbital Command, Marauder  
  160  21:13  Marauder  
  162  21:24  Liberator  
  162  21:25  Liberator  
  166  21:26  Ghost x2, Liberator  
  166  21:28  Ghost  
  166  21:29  Liberator  
  174  21:33  Ghost  
  174  21:38  Planetary Fortress  
  176  21:51  Marine x3  
  183  21:54  Ghost, Widow Mine x2  
  183  21:55  Ghost, Widow Mine  
  183  21:56  Ghost, Marine x3  
  194  22:03  Marauder  
  196  22:13  Liberator  
  199  22:15  Refinery  
  199  22:17  Refinery, Personal Cloaking  
  199  22:24  Orbital Command  
  199  22:25  Orbital Command  
  199  22:26  Medivac, Marauder  
  199  22:38  Marauder  
  199  22:45  Ghost  
  199  22:47  Marine  
  199  22:48  Marauder  
  200  22:55  Widow Mine  
  200  22:56  Marauder  
  200  22:58  Liberator x2  
  193  23:02  Marauder  
  193  23:04  Marine x6  
  195  23:07  Barracks Tech Lab x3  
  195  23:09  Marauder  
  195  23:12  Missile Turret x2  
  197  23:13  Orbital Command  
  197  23:14  Marauder, Missile Turret  
  198  23:30  Ghost  
  198  23:31  Ghost  
  198  23:32  Ghost  
  196  23:35  Ghost  
  195  23:43  Nuke, Liberator  
  195  23:44  Ghost  
  200  24:02  Widow Mine  
  195  24:03  Liberator  
  195  24:04  Marauder, Marine x4  
  195  24:05  Medivac  
  195  24:07  Marauder, Marine x2  
  195  24:08  Marine x2  
  158  24:10  Ghost  
  158  24:11  Ghost  
  158  24:13  Orbital Command  
  158  24:14  Medivac  
  158  24:15  Marine  
  157  24:23  Widow Mine  
  157  24:26  Ghost  
  157  24:27  Medivac, Ghost  
  161  24:32  Ghost  
  161  24:33  Ghost  
  161  24:35  Liberator  
  161  24:36  Marine  
  166  24:39  Marauder  
  166  24:44  Marauder, Marine x3  
  166  24:45  Widow Mine  
  171  24:47  Liberator  
  171  24:53  Command Center  
  171  24:55  Marauder  
  171  24:56  Marauder, Marine  
  171  24:57  Liberator  
  177  25:03  Marine x2  
  177  25:04  Marauder  
  177  25:06  Widow Mine  
  183  25:09  Marine  
  183  25:10  Marauder  
  167  25:18  Medivac  
  167  25:19  Ghost x4  
  167  25:20  Marine x3, Liberator x2  
  164  25:23  Marine  
  164  25:24  Marauder, Marine x2  
  164  25:28  Widow Mine  
  168  25:30  Liberator  
  168  25:32  Ghost  
  168  25:35  Marine x2  
  153  25:39  Liberator  
  149  25:44  Ghost  
  149  25:45  Marine x3  
  149  25:48  Liberator  
  149  25:49  Widow Mine  
  144  25:50  Marine  
  144  25:51  Marine  
  144  25:52  Marine  
  144  25:53  Ghost  
  144  25:59  Ghost  
  144  26:00  Marine x2  
  144  26:01  Marine  
  144  26:03  Liberator x2  
  153  26:06  Ghost  
  153  26:10  Ghost, Marine, Widow Mine  
  152  26:12  Marauder  
  152  26:13  Medivac  
  152  26:16  Ghost  
  152  26:17  Marine x4  
  160  26:19  Marauder  
  162  26:25  Marine  
  162  26:26  Marauder  
  162  26:29  Ghost  
  162  26:32  Widow Mine  
  167  26:33  Orbital Command  
  167  26:35  Ghost  
  169  26:40  Ghost  
  167  26:49  Marine x2  
  167  26:50  Marauder, Marine  
  167  26:53  Widow Mine  
  174  27:07  Ghost  
  159  27:09  Marauder  
  159  27:12  Medivac  
  159  27:15  Widow Mine  
  127  27:17  Marine  
  127  27:18  Marauder x2  
  127  27:21  Medivac, Ghost x2  
  123  27:23  Marauder, Marine  
  123  27:29  Concussive Shells  
  126  27:31  Marauder  
  126  27:33  Marine  
  126  27:35  Marine  
  133  27:38  Marine x2  
  133  27:44  Marine x3  
  136  27:46  Marauder  
  136  27:49  Ghost  
  141  27:54  Liberator  
  141  27:57  Medivac x2  
  146  27:58  Marine  
  146  28:00  Marine  
  148  28:07  Ghost  
  148  28:12  Ghost  
  152  28:21  Ghost  
  152  28:26  Liberator  
  155  28:34  Widow Mine  
  155  28:37  Marine  
  155  28:38  Marauder, Marine x4  
  155  28:39  Marine x3  
  155  28:41  Marine  
  155  28:42  Marauder  
  155  28:47  Marauder, Marine x2  
  162  28:51  Ghost  
  162  28:55  Marine, Widow Mine  
  166  28:56  Marine  
  166  29:02  Ghost  
  163  29:12  Marauder x2  
  167  29:20  Liberator  
  170  29:24  Missile Turret  
  170  29:27  Marauder, Missile Turret  
  170  29:28  Missile Turret, Marauder  
  170  29:29  Marauder  
  176  29:32  Missile Turret  
  176  29:34  Widow Mine  
  178  29:49  Ghost  
  180  29:56  Widow Mine  
  180  29:57  Ghost  
  180  29:59  Marine x3  
  185  30:01  Marauder x2  
  185  30:02  Marine  
Show
View Real Time Build Order
Export as new Build Order

Reynor Zerg 

Build Orders: Hatch First, Lurkers 

Get SALT Encoding   

  12  0:00  Drone  
  13  0:12  Overlord  
  13  0:17  Drone  
  14  0:30  Drone  
  14  0:31  Drone  
  16  0:49  Hatchery  
  15  0:51  Drone  
  15  0:55  Drone  
  17  0:58  Drone  
  18  1:08  Extractor  
  17  1:14  Spawning Pool  
  17  1:17  Drone  
  17  1:20  Drone  
  18  1:28  Drone  
  19  1:38  Drone  
  20  1:49  Overlord  
  21  2:01  Zergling x4, Queen x2  
  26  2:11  Drone x2  
  28  2:21  Drone  
  28  2:22  Drone, Metabolic Boost  
  30  2:32  Overlord  
  30  2:33  Drone  
  30  2:39  Queen  
  30  2:43  Drone  
  30  2:44  Drone  
  34  2:49  Queen  
  34  2:50  Extractor  
  36  2:53  Drone  
  36  2:54  Drone  
  38  3:04  Drone  
  38  3:05  Overlord  
  39  3:09  Drone  
  39  3:10  Drone x3  
  43  3:16  Pneumatized Carapace  
  43  3:27  Hatchery  
  42  3:28  Drone  
  42  3:30  Drone  
  42  3:33  Zergling x4  
  46  3:35  Drone  
  46  3:40  Queen  
  49  3:43  Overlord  
  49  3:45  Drone  
  49  3:47  Drone  
  51  3:49  Overlord  
  51  3:59  Overlord  
  51  4:03  Zergling x4  
  51  4:04  Drone x4  
  51  4:06  Extractor  
  56  4:15  Overlord  
  56  4:16  Drone  
  57  4:18  Drone x2  
  57  4:19  Drone  
  57  4:22  Evolution Chamber  
  57  4:23  Evolution Chamber  
  58  4:24  Queen  
  58  4:28  Drone x2  
  62  4:33  Spore Crawler  
  62  4:37  Zergling x4  
  63  4:38  Queen  
  63  4:39  Drone  
  66  4:48  Drone x2  
  66  4:49  Drone  
  66  4:50  Spore Crawler  
  66  4:52  Zerg Ground Armor Level 1  
  68  4:54  Drone  
  68  4:56  Drone x2  
  68  4:59  Overlord  
  71  5:00  Drone  
  71  5:03  Drone x2  
  71  5:06  Zerg Melee Weapons Level 1  
  74  5:10  Overlord  
  74  5:18  Zergling x6  
  74  5:20  Drone  
  76  5:22  Zergling x2  
  76  5:25  Drone x2  
  75  5:29  Lair  
  75  5:32  Drone x5  
  75  5:34  Drone x2  
  78  5:37  Drone  
  78  5:38  Drone  
  78  5:40  Baneling Nest  
  79  5:43  Drone  
  79  5:47  Drone  
  81  5:50  Drone  
  81  5:53  Drone  
  81  5:54  Extractor x2  
  81  5:57  Drone, Extractor  
  81  6:00  Zergling x2  
  81  6:01  Hatchery  
  81  6:07  Drone x4  
  81  6:08  Zergling x2  
  81  6:09  Extractor  
  81  6:10  Overlord  
  85  6:12  Zergling x6  
  85  6:18  Drone  
  89  6:19  Drone  
  90  6:25  Baneling x2  
  90  6:26  Baneling x2  
  90  6:28  Overlord, Centrifical Hooks  
  90  6:30  Overlord  
  90  6:33  Zergling x4  
  90  6:37  Zergling x6  
  96  6:40  Zergling x6  
  96  6:42  Overlord x2  
  96  6:43  Baneling x2  
  96  6:44  Baneling x2  
  96  6:46  Drone  
  96  6:47  Drone  
  100  6:49  Zergling x4, Infestation Pit  
  100  6:50  Hydralisk Den, Baneling x2  
  100  6:53  Zergling x2  
  102  6:54  Drone  
  102  6:56  Zerg Ground Armor Level 2  
  102  6:57  Zergling x2  
  103  7:01  Baneling x3  
  103  7:03  Zergling x2  
  103  7:06  Drone x4  
  103  7:07  Drone  
  109  7:09  Overlord  
  109  7:10  Zergling x10  
  109  7:13  Drone  
  109  7:15  Overlord  
  115  7:16  Drone  
  115  7:21  Overlord  
  116  7:25  Zerg Melee Weapons Level 2, Drone  
  116  7:26  Hive  
  116  7:28  Drone  
  116  7:29  Drone  
  119  7:32  Lurker Den, Drone  
  119  7:34  Zergling x4  
  121  7:41  Zergling x10  
  121  7:42  Zergling x4  
  128  7:44  Overlord  
  128  7:45  Zergling x2  
  114  7:54  Zergling x6  
  114  7:55  Zergling x6  
  111  7:58  Zergling x2  
  111  8:04  Queen, Drone x3  
  111  8:05  Drone x2  
  115  8:08  Overlord, Hydralisk x4  
  115  8:12  Extractor  
  122  8:13  Baneling x3  
  122  8:14  Baneling  
  122  8:16  Drone  
  122  8:17  Hydralisk, Drone x2  
  127  8:27  Queen  
  127  8:29  Extractor  
  127  8:31  Zergling x4, Hydralisk x2  
  134  8:37  Zergling x2  
  134  8:39  Zergling x6  
  134  8:41  Hatchery  
  132  8:44  Overlord  
  132  8:45  Lurker x2  
  132  8:46  Seismic Spines, Lurker x3  
  132  8:47  Drone x2  
  132  8:48  Drone x2  
  141  8:50  Spore Crawler x2  
  141  8:52  Zergling x8  
  143  8:56  Overlord  
  143  8:57  Lurker  
  143  9:02  Viper  
  147  9:05  Zergling x8  
  151  9:14  Hydralisk  
  151  9:15  Zergling x2, Hydralisk x3  
  159  9:22  Lurker  
  160  9:26  Overlord x3  
  160  9:28  Baneling x4  
  160  9:29  Overlord  
  160  9:31  Overlord  
  160  9:38  Overlord x3  
  160  9:43  Adaptive Talons  
  160  9:44  Overlord, Hydralisk  
  160  9:45  Zergling x14  
  160  9:46  Zergling x4, Hydralisk  
  160  9:47  Zergling x4  
  160  9:48  Overseer  
  160  9:51  Zerg Missile Weapons Level 1, Viper  
  167  9:54  Drone x2  
  167  9:55  Drone  
  167  9:56  Drone  
  167  9:58  Overseer  
  167  9:59  Drone  
  166  10:00  Drone x2  
  166  10:04  Zerg Ground Armor Level 3  
  168  10:09  Lurker  
  168  10:11  Drone x3  
  172  10:17  Drone  
  172  10:18  Drone  
  172  10:20  Zergling x2  
  172  10:21  Zergling x8  
  177  10:23  Zergling x4, Hydralisk x2  
  177  10:26  Extractor  
  177  10:27  Zergling x4, Extractor  
  177  10:28  Zergling x4, Lurker x2  
  179  10:29  Lurker x2  
  179  10:30  Drone x3  
  179  10:31  Drone x2  
  179  10:32  Overlord  
  179  10:34  Drone x2  
  190  10:38  Spore Crawler  
  190  10:41  Adrenal Glands, Queen  
  186  10:47  Zergling x2, Hydralisk  
  186  10:48  Zergling x8  
  190  10:50  Muscular Augments  
  190  10:55  Zergling x4, Hydralisk  
  190  10:56  Zergling x4  
  196  10:58  Overlord  
  196  11:06  Hydralisk x2  
  196  11:07  Overlord  
  200  11:14  Drone x4  
  200  11:18  Lurker x2  
  200  11:23  Overlord  
  200  11:25  Overlord  
  200  11:30  Spire  
  193  11:43  Hydralisk  
  193  11:44  Zergling x28  
  193  11:46  Zergling x6, Hydralisk  
  186  11:47  Queen  
  186  11:52  Lurker x3  
  186  11:53  Zergling x6  
  186  11:54  Zergling x2  
  195  11:58  Zergling x8  
  195  11:59  Zergling x2  
  195  12:01  Spore Crawler x2  
  199  12:05  Drone  
  199  12:09  Overseer x2  
  195  12:19  Zergling x14  
  199  12:25  Overlord  
  199  12:32  Viper x2  
  199  12:39  Hydralisk  
  199  12:40  Zergling x4, Hydralisk  
  199  12:41  Zergling x16  
  199  12:42  Zergling x4  
  199  12:43  Zergling x2, Hydralisk  
  190  12:52  Zerg Missile Weapons Level 2  
  190  12:53  Zerg Melee Weapons Level 3  
  190  13:01  Corruptor x3, Lurker x3  
  190  13:05  Baneling x6  
  199  13:07  Drone  
  199  13:10  Hatchery  
  198  13:21  Lurker x2  
  198  13:23  Zergling x2  
  198  13:26  Hydralisk  
  197  13:27  Zergling x6  
  198  13:35  Zergling x10  
  198  13:37  Overseer  
  198  13:40  Zergling x2  
  199  13:42  Zergling x2  
  199  13:44  Overseer  
  199  13:47  Baneling  
  199  13:48  Baneling x2  
  199  13:54  Overseer x2  
  199  13:56  Zergling x2  
  199  14:01  Zergling x2, Hydralisk  
  199  14:02  Zergling x8  
  191  14:04  Zergling x14  
  191  14:07  Zergling x8  
  187  14:10  Hydralisk  
  187  14:11  Zergling x12  
  187  14:12  Zergling x2  
  187  14:14  Zergling x2, Hydralisk  
  186  14:18  Zergling x8  
  186  14:19  Corruptor x4  
  186  14:23  Zergling x2  
  197  14:26  Zergling x2  
  197  14:27  Zergling x2  
  197  14:30  Zergling x2  
  200  14:39  Baneling x6  
  200  14:40  Overlord  
  200  14:50  Hydralisk  
  200  14:51  Zergling x10  
  199  14:55  Hydralisk x3  
  199  14:56  Zergling x2  
  199  14:57  Zergling x22  
  199  14:59  Hydralisk  
  195  15:01  Hydralisk  
  195  15:04  Hydralisk  
  195  15:05  Zergling x2  
  181  15:10  Hydralisk  
  181  15:11  Zergling x2  
  181  15:12  Hydralisk x3  
  183  15:15  Zergling x6  
  183  15:17  Lurker x4  
  183  15:18  Hydralisk, Lurker  
  183  15:20  Baneling x8  
  187  15:22  Hydralisk  
  187  15:24  Hydralisk, Baneling x3  
  187  15:25  Zergling x2  
  192  15:28  Lurker x4  
  192  15:30  Hydralisk x2  
  192  15:31  Zergling x2  
  199  15:46  Zergling x6  
  199  15:49  Overseer  
  200  15:50  Overseer  
  197  16:06  Zergling x2, Hydralisk  
  197  16:07  Zergling x18  
  199  16:13  Zergling x2  
  185  16:18  Zergling x2  
  185  16:19  Zergling x16  
  185  16:21  Hydralisk  
  185  16:22  Zergling x2  
  175  16:25  Zergling x4  
  175  16:26  Zergling x2  
  175  16:28  Hydralisk  
  175  16:29  Zergling x2  
  180  16:33  Lurker, Baneling x4  
  180  16:34  Hydralisk x2, Lurker x5  
  180  16:35  Zergling x2  
  191  16:40  Zergling x2, Hydralisk  
  191  16:42  Lurker  
  191  16:43  Baneling x5  
  191  16:46  Zergling x6, Overseer x3  
  198  16:51  Zergling x4  
  198  16:53  Zergling x2, Hatchery, Hydralisk  
  191  16:57  Hydralisk  
  191  16:58  Hatchery  
  191  17:00  Zergling x4  
  191  17:01  Zergling x2  
  185  17:03  Corruptor x5  
  185  17:05  Zergling x6  
  185  17:06  Zergling x2  
  185  17:07  Zergling x4  
  185  17:08  Spore Crawler  
  197  17:11  Baneling x5  
  197  17:17  Hydralisk  
  197  17:18  Zergling x12  
  197  17:21  Lurker x2  
  197  17:22  Lurker x3  
  196  17:23  Zergling x4  
  196  17:29  Lurker x2  
  189  17:33  Zergling x8  
  189  17:38  Zergling x4, Hydralisk x3  
  189  17:39  Zergling x4  
  189  17:42  Zergling x4, Hydralisk  
  184  17:47  Hydralisk x2  
  184  17:48  Zergling x4  
  178  17:53  Hydralisk  
  178  17:54  Zergling x4  
  178  17:56  Hydralisk  
  178  17:57  Zergling x2  
  166  18:01  Viper x2  
  166  18:06  Hydralisk x2  
  166  18:07  Zergling x2  
  166  18:10  Hydralisk, Lurker x4  
  166  18:11  Zergling x2  
  175  18:16  Zergling x8  
  175  18:18  Lurker x3  
  177  18:20  Hydralisk  
  177  18:22  Baneling x6  
  177  18:23  Hydralisk  
  177  18:24  Zergling x2  
  182  18:32  Hydralisk  
  182  18:33  Zergling x10  
  187  18:36  Zergling x2  
  187  18:40  Zergling x4  
  190  18:45  Zergling x6  
  183  18:50  Zergling x4, Hydralisk  
  179  18:56  Zergling x2, Hydralisk x2, Baneling x3  
  179  18:58  Zergling x4  
  179  19:01  Hydralisk  
  177  19:04  Zergling x2, Hydralisk  
  177  19:05  Zergling x2  
  177  19:09  Zergling x2, Hydralisk  
  156  19:13  Hydralisk  
  156  19:14  Zergling x6  
  156  19:15  Zergling x2, Hydralisk  
  151  19:19  Hydralisk x3  
  151  19:22  Hydralisk, Lurker x4  
  162  19:24  Zergling x2, Queen  
  162  19:27  Zergling x4  
  162  19:28  Baneling  
  162  19:30  Lurker x2  
  168  19:32  Zergling x2, Hydralisk x2  
  168  19:33  Zergling x2  
  168  19:35  Lurker  
  168  19:38  Lurker  
  176  19:51  Lurker x4  
  176  19:52  Corruptor x3  
  173  19:59  Lurker  
  182  20:00  Queen, Lurker x2  
  182  20:01  Corruptor  
  182  20:04  Spore Crawler  
  182  20:06  Corruptor  
  174  20:14  Hydralisk x2  
  174  20:15  Zergling x2  
  174  20:19  Zergling x4  
  167  20:31  Hydralisk  
  167  20:32  Zergling x8  
  163  20:50  Hatchery  
  163  20:56  Zergling x6, Hydralisk  
  163  20:57  Zergling x4  
  155  21:16  Zergling x20  
  165  21:21  Lurker x4  
  165  21:23  Zergling x4  
  165  21:24  Zergling x6  
  174  21:25  Zergling x6  
  174  21:28  Zergling x4  
  178  21:36  Corruptor x2  
  179  21:43  Corruptor  
  179  21:46  Zergling x8  
  184  22:03  Zergling x6  
  184  22:04  Zergling x20  
  190  22:13  Hydralisk x3  
  194  22:28  Hydralisk x3  
  194  22:29  Zergling x2  
  190  22:39  Lurker x3  
  190  22:41  Hydralisk  
  190  22:42  Zergling x16  
  199  22:47  Zergling x4  
  199  22:48  Zergling x4  
  195  22:52  Zergling x6  
  195  22:58  Zergling x2, Hydralisk  
  193  22:59  Zergling x4  
  193  23:01  Viper  
  188  23:07  Lurker  
  188  23:08  Lurker x3  
  192  23:13  Zergling x12  
  192  23:16  Zergling x4  
  195  23:27  Hydralisk  
  195  23:28  Zergling x8  
  191  23:41  Lurker  
  190  23:43  Zergling x8  
  190  23:44  Zergling x12  
  170  24:03  Hydralisk x4  
  170  24:04  Zergling x22  
  170  24:05  Zergling x4, Hydralisk  
  164  24:10  Hydralisk  
  164  24:13  Hydralisk  
  164  24:15  Hydralisk  
  164  24:16  Zergling x8  
  170  24:21  Zergling x2  
  160  24:25  Zergling x2, Hydralisk  
  160  24:28  Hydralisk  
  160  24:29  Zergling x6  
  162  24:33  Zergling x6  
  162  24:35  Hydralisk  
  162  24:36  Zergling x2  
  162  24:37  Zergling x4, Hydralisk  
  173  24:38  Zergling x4  
  168  24:46  Zergling x4  
  168  24:49  Zergling x6  
  168  24:51  Extractor  
  169  24:58  Zergling x10  
  169  24:59  Zergling x2  
  175  25:00  Zergling x12  
  175  25:06  Hydralisk  
  180  25:11  Hydralisk  
  180  25:12  Zergling x6  
  180  25:13  Zergling x4  
  171  25:25  Zergling x10  
  171  25:27  Hydralisk  
  171  25:28  Zergling x2  
  174  25:32  Zergling x6  
  174  25:34  Zergling x4  
  163  25:38  Hydralisk  
  163  25:42  Zergling x10  
  165  25:49  Hydralisk  
  152  25:50  Zergling x2  
  152  25:55  Zergling x12  
  153  26:04  Hydralisk  
  153  26:05  Zergling x6  
  156  26:17  Drone x4  
  153  26:19  Extractor  
  153  26:21  Zergling x4  
  153  26:24  Lurker  
  149  26:26  Zergling x4  
  149  26:29  Hatchery  
  149  26:32  Hydralisk  
  150  26:33  Zergling x8  
  150  26:38  Zergling x6  
  157  26:45  Zergling x8, Lurker  
  162  26:48  Zergling x4  
  162  26:55  Zergling x10  
  162  26:59  Zergling x6  
  149  27:08  Hydralisk  
  149  27:09  Zergling x4  
  149  27:11  Zergling x2  
  124  27:16  Zergling x2  
  109  27:25  Zergling x10  
  109  27:29  Zergling x4  
  117  27:37  Zergling x10  
  117  27:41  Lurker x3  
  117  27:43  Zergling x2  
  122  27:50  Drone x2  
  124  27:52  Zergling x8  
  124  27:58  Zergling x8  
  130  28:00  Lurker  
  133  28:11  Zergling x2  
  133  28:12  Zergling x8  
  138  28:18  Zergling x2  
  138  28:19  Zergling x10  
  144  28:24  Zergling x6  
  144  28:25  Zergling x2  
  148  28:30  Hydralisk  
  148  28:31  Zergling x4  
  124  28:41  Zergling x8  
  124  28:42  Zergling x8  
  124  28:45  Lurker x2  
  133  28:50  Zergling x8  
  135  28:57  Zergling x8  
  135  28:58  Zergling x2  
  137  29:05  Zergling x2  
  137  29:09  Zergling x12  
  143  29:10  Zergling x2  
  143  29:11  Lurker  
  143  29:12  Lurker  
  145  29:20  Lurker  
  145  29:22  Zergling x10  
  151  29:28  Zergling x10  
  147  29:41  Zergling x4, Hydralisk  
  147  29:42  Zergling x2  
  143  29:48  Zergling x2  
  143  29:49  Zergling x2  
  143  29:51  Hydralisk x4  
  143  29:52  Zergling x2  
  144  30:01  Zergling x10  
Tags
 
Add a new tag
Caveats
  • Supply blocks, unpowered buildings, or Contaminate may cause inaccurate times.
  • Supply counts are checked every 10 seconds.